 Dungeon Crawl Stone Soup version 0.16-a0-3389-g45633df (webtiles) character file.

3350 Charly the Spear-Bearer (level 10, -4/100 HPs)
             Began as a Merfolk Skald on Dec 30, 2014.
             Was a Priest of Kikubaaqudgha.
             Slain by a killer bee (5 damage)
             ... on level 8 of the Dungeon.
             The game lasted 01:23:22 (4311 turns).

Charly the Spear-Bearer (Merfolk Skald)             Turns: 4311, Time: 01:23:23

Health: -4/100     AC:  7    Str: 18    XL:     10   Next: 3%
Magic:  10/14      EV: 16    Int: 14    God:    Kikubaaqudgha [***...]
Gold:   282        SH:  0    Dex: 14    Spells: 5 memorised, 3 levels left

rFire  . . .     SeeInvis .     M - +0 glaive
rCold  . . .     Clarity  .     d - +1 leather armour
rNeg   . . .     SustAb   .     (no shield)
rPois  .         Gourm    +     I - +0 helmet
rElec  .         Spirit   .     C - +0 cloak
rCorr  .         Warding  .     (no gloves)
rMut   .         Stasis   .     (no boots)
MR     .....                    l - amulet of the gourmand
Stlth  ..........               (no ring)
                                c - +2 ring of evasion (curse)

@: berserking (expiring), lethally poisoned, very quick, not resistant to
hostile enchantments, extremely unstealthy
A: change form in water, swift swim, low mp 1, shaggy fur 1
a: Receive Corpses, Renounce Religion


You were on level 8 of the Dungeon.
You worshipped Kikubaaqudgha.
Kikubaaqudgha was most pleased with you.
You were not hungry.

You visited 2 branches of the dungeon, and saw 9 of its levels.
You also visited: Ossuary.

You collected 282 gold pieces.

Inventory:

Hand weapons
 M - a +0 glaive (weapon)
Armour
 d - a +1 leather armour (worn)
 C - a +0 cloak (worn)
 I - a +0 helmet (worn)
Magical staves
 E - an uncursed staff of air
Jewellery
 c - a cursed +2 ring of evasion (left hand)
 e - an uncursed amulet of stasis
 l - an amulet of the gourmand (around neck)
 m - an uncursed amulet of warding
Magical devices
 i - a wand of paralysis (3)
 o - a wand of teleportation (4)
 t - a wand of digging (0)
Scrolls
 q - 4 scrolls of magic mapping
 r - a scroll of immolation {unknown}
 u - 3 scrolls of enchant weapon
 y - a scroll of acquirement {unknown}
 B - a scroll of remove curse
 D - a scroll of blinking
 L - 2 scrolls of random uselessness {unknown}
Potions
 f - 2 potions of heal wounds
 j - a potion of brilliance
 k - a potion of lignification {unknown}
 n - a potion of poison {unknown}
 p - a potion of flight {unknown}
 x - a potion of agility
 z - a potion of magic {unknown}
 A - 2 potions of restore abilities
 K - a potion of haste
Books
 g - a book of Cantrips

   Spells                             Type                      Level
   a - Corona                         Hexes                        1
   b - Animate Skeleton               Necromancy                   1
   c - Summon Small Mammal            Summoning                    1
   d - Apportation                    Translocation                1
 v - Kikubaaqudgha's Disquisition on Unholy Secrets
   (Kikubaaqudgha gifted it to you on level 5 of the Dungeon)

   Spells                             Type                      Level
   a - Pain                           Necromancy                   1
   b - Corpse Rot                     Necromancy                   2
   c - Sublimation of Blood           Necromancy                   2
   d - Regeneration                   Charms/Necromancy            3
   e - Control Undead                 Necromancy                   4
 w - Kikubaaqudgha's Collected Works on Necromancy
   (Kikubaaqudgha gifted it to you on level 8 of the Dungeon)

   Spells                             Type                      Level
   a - Bolt of Draining               Conjuration/Necromancy       5
   b - Agony                          Necromancy                   5
   c - Cigotuvi's Embrace             Necromancy                   5
   d - Dispel Undead                  Necromancy                   5
   e - Death Channel                  Necromancy                   6
Comestibles
 b - 7 bread rations
 s - 2 fruits
 F - a beef jerky
 G - 8 slices of pizza
 H - a meat ration


   Skills:
 - Level 2.1 Fighting
 + Level 12.4 Polearms
 - Level 0.6 Armour
 + Level 5.0 Dodging
 - Level 2.0 Spellcasting
 - Level 4.0 Hexes
 - Level 9.0 Charms
 - Level 4.0 Necromancy


You had 3 spell levels left.
You knew the following spells:

 Your Spells              Type           Power        Failure   Level  Hunger
a - Animate Skeleton      Necr           N/A          4%          1    ##.....
g - Shroud of Golubria    Chrm/Tloc      ##........   6%          2    ###....
i - Infusion              Chrm           ####..       1%          1    ##.....
r - Regeneration          Chrm/Necr      ###.......   6%          3    ####...
w - Spectral Weapon       Hex/Chrm       ###.....     6%          3    ####...


Dungeon Overview and Level Annotations

Branches:
Dungeon (8/15)             Temple (1/1) D:5
   Lair: D:8-11

Altars:
Ashenzari
Cheibriados
Dithmenos
Elyvilon
Fedhas
Gozag
Kikubaaqudgha
Makhleb
Nemelex Xobeh
Okawaru
Qazlal
Ru
Sif Muna
Trog
Xom
Yredelemnul
Zin
The Shining One

Shops:
D:5 (

Annotations:
D:3 Grinder


Innate Abilities, Weirdness & Mutations

You revert to your normal form in water.
You are very nimble and swift while swimming.
Your magical capacity is low (-10% MP).
You are covered in fur (AC +1).


Message History

You feel very sick. The killer bee stings you.
* * * LOW HITPOINT WARNING * * *
The killer bee completely misses you. The killer bee misses you.
You closely miss the killer bee.
The killer bee is moderately wounded.
* * * LOW HITPOINT WARNING * * *
You feel very sick.
The killer bee stings you but does no damage.
The killer bee closely misses you. The killer bee completely misses you.
Unknown command.
You are too berserk!
You slash the killer bee!
The killer bee is almost dead.
* * * LOW HITPOINT WARNING * * *
You feel very sick.
The killer bee stings you but does no damage.
The killer bee stings you.
You die...
Kikubaaqudgha rasps: "You have failed me!
Welcome... death!"

###### #.#..###
##......#
#####.......##
#.##.........#
##...........###
##@.........#.#
#yy..........#
#...............#
####............#
###
#...........#.###..
#####......##.....#
#.....##.......
#..............
#.####..#..####


You could see 2 killer bees.

Vanquished Creatures
  The ghost of Kemay the Ducker, an experienced OpTm (D:6)
  A deep elf mage (D:7)
  A human (D:7)
  A hippogriff (D:8)
  Edmund (D:5)
  2 orc warriors (D:8)
  2 ice beasts
  3 ogres
  A black bear (D:7)
  2 phantoms
  A centaur (D:5)
  A giant frog (D:7)
  Blork the orc (D:5)
  5 killer bees (D:8)
  2 scorpions
  A centaur zombie (Ossuary)
  A crimson imp (D:5)
  A jelly (D:7)
  6 orc wizards
  A goliath beetle (D:6)
  2 orc priests
  A human zombie (Ossuary)
  An iguana (D:8)
  Natasha (D:3)
  A hell rat (D:7)
  2 worker ants
  4 sheep (D:7)
  Ijyb (D:4)
  3 hound zombies (D:5)
  Terence (D:1)
  A mummy (Ossuary)
  A worker ant zombie (D:7)
  4 gnolls (D:6)
  6 river rats (D:7)
  11 adders
  2 shadow imps
  3 worms
  4 giant geckos
  An ooze (D:3)
  18 orcs
  9 bats
  A bat zombie (D:7)
  A giant cockroach (D:1)
  7 goblins
  16 hobgoblins
  10 jackals
  10 kobolds
  3 quokkas
  2 ball pythons
  A giant gecko skeleton (D:6)
  2 giant newts
  A kobold zombie (D:5)
  27 rats
193 creatures vanquished.

Vanquished Creatures (collateral kills)
  A human zombie (Ossuary)
  A mummy (D:5)
  2 orcs (D:8)
  A hobgoblin (D:5)
  2 rats (D:7)
7 creatures vanquished.

Vanquished Creatures (others)
  3 spectral weapons
  A hippogriff skeleton (D:8)
  A human zombie (Ossuary)
  An orc wizard (D:4)
6 creatures vanquished.

Grand Total: 206 creatures vanquished

Notes
Turn   | Place    | Note
--------------------------------------------------------------
     0 | D:1      | Charly, the Merfolk Skald, began the quest for the Orb.
     0 | D:1      | Reached XP level 1. HP: 16/16 MP: 3/3
    72 | D:1      | Reached XP level 2. HP: 19/22 MP: 0/4
    83 | D:1      | Learned a level 2 spell: Shroud of Golubria
   159 | D:1      | Reached skill level 4 in Polearms
   256 | D:1      | Reached XP level 3. HP: 22/27 MP: 0/6
   262 | D:1      | Learned a level 3 spell: Spectral Weapon
   463 | D:2      | Found a shadowy altar of Dithmenos.
   609 | D:2      | Reached skill level 5 in Polearms
   609 | D:2      | Reached XP level 4. HP: 23/33 MP: 0/7
   660 | D:2      | Noticed Terence
   846 | D:2      | Reached skill level 1 in Hexes
  1005 | D:1      | Killed Terence
  1121 | D:3      | Noticed Grinder
  1254 | D:3      | Found a shimmering altar of Xom.
  1441 | D:3      | Noticed Natasha
  1446 | D:3      | Killed Natasha
  1446 | D:3      | Reached XP level 5. HP: 38/38 MP: 5/9
  1550 | D:3      | Found an ancient bone altar of Kikubaaqudgha.
  1550 | D:3      | Found a bloodstained altar of Trog.
  1553 | D:3      | Became a worshipper of Kikubaaqudgha
  1611 | D:4      | Noticed a phantom
  1626 | D:4      | Killed a phantom
  1626 | D:4      | Reached skill level 6 in Polearms
  1666 | D:4      | Reached skill level 5 in Charms
  1666 | D:4      | Reached XP level 6. HP: 30/44 MP: 0/10
  1687 | D:4      | Learned a level 3 spell: Regeneration
  1724 | D:4      | Found a glowing silver altar of Zin.
  1724 | D:4      | Noticed Ijyb
  1775 | D:4      | Killed Ijyb
  1804 | D:5      | Entered Level 5 of the Dungeon
  1894 | D:5      | Found Xiall's Weapon Boutique.
  2025 | D:4      | You fall through a shaft for 2 floors!
  2027 | D:6      | Found a blossoming altar of Fedhas.
  2059 | D:6      | Found a stormy altar of Qazlal.
  2083 | D:5      | Found a staircase to the Ecumenical Temple.
  2083 | D:5      | Noticed Blork the orc
  2092 | D:5      | Killed Blork the orc
  2092 | D:5      | Reached skill level 7 in Polearms
  2092 | D:5      | Reached XP level 7. HP: 26/50 MP: 6/12
  2118 | Temple   | Entered the Ecumenical Temple
  2286 | D:5      | Found a sand-covered staircase.
  2303 | Ossuary  | Entered an ossuary
  2645 | D:5      | Reached skill level 8 in Polearms
  2652 | D:5      | Learned a level 1 spell: Animate Skeleton
  2743 | D:5      | Reached skill level 1 in Necromancy
  2762 | D:5      | Acquired Kikubaaqudgha's first power
  2762 | D:5      | Received a gift from Kikubaaqudgha
  2763 | D:5      | Identified Kikubaaqudgha's Disquisition on Unholy Secrets (Kikubaaqudgha gifted it to you on level 5 of the Dungeon)
  2788 | D:5      | Reached XP level 8. HP: 44/56 MP: 1/13
  2891 | D:5      | Noticed Edmund
  2904 | D:5      | Killed Edmund
  2908 | D:5      | Reached skill level 9 in Polearms
  3005 | D:5      | Gained mutation: You are clumsy. (Dex -2) [potion of mutation]
  3005 | D:5      | Gained mutation: You are covered in fur (AC +1). [potion of mutation]
  3005 | D:5      | Lost mutation: You are clumsy. (Dex -2) [potion of mutation]
  3006 | D:5      | Gained mutation: Scrolls take you a little longer to read. [potion of mutation]
  3006 | D:5      | Gained mutation: Your magical capacity is low (-10% MP). [potion of mutation]
  3006 | D:5      | Lost mutation: Scrolls take you a little longer to read. [potion of mutation]
  3203 | D:6      | Noticed Kemay's ghost (experienced OpTm)
  3215 | D:6      | Killed Kemay's ghost
  3266 | D:6      | Reached skill level 10 in Polearms
  3267 | D:6      | Found an iron altar of Okawaru.
  3440 | D:6      | Reached XP level 9. HP: 61/61 MP: 4/12
  3547 | D:7      | Reached skill level 11 in Polearms
  3681 | D:7      | Acquired Kikubaaqudgha's second power
  3979 | D:7      | Found a shattered altar of Ashenzari.
  3980 | D:7      | Found a snail-covered altar of Cheibriados.
  4166 | D:8      | Received a gift from Kikubaaqudgha
  4168 | D:8      | Reached skill level 12 in Polearms
  4169 | D:8      | Identified Kikubaaqudgha's Collected Works on Necromancy (Kikubaaqudgha gifted it to you on level 8 of the Dungeon)
  4184 | D:8      | Found a glowing golden altar of the Shining One.
  4304 | D:8      | Reached XP level 10. HP: 38/67 MP: 9/14
  4305 | D:8      | Reached skill level 5 in Dodging
  4310 | D:8      | HP: 4/100 [poisoned by a killer bee]
  4311 | D:8      | HP: 1/100 [poisoned by a killer bee]
  4311 | D:8      | Slain by a killer bee

Action                   |  1- 3 |  4- 6 |  7- 9 | 10-12 || total
-------------------------+-------+-------+-------+-------++-------
Melee: Spear             |   134 |   184 |       |       ||   318
       Trident           |       |    36 |   341 |       ||   377
       Glaive            |       |       |    12 |     7 ||    19
 Cast: Infusion          |    10 |     7 |     5 |       ||    22
       Spectral Weapon   |       |     9 |    31 |       ||    40
       Shroud of Golubri |       |     5 |    12 |       ||    17
       Regeneration      |       |     1 |     7 |       ||     8
       Animate Skeleton  |       |       |     3 |       ||     3
Invok: Receive Corpses   |       |       |     1 |       ||     1
Evoke: Wand              |       |     7 |    11 |       ||    18
  Use: Scroll            |       |     8 |    12 |       ||    20
       Potion            |       |     1 |     6 |       ||     7
 Stab: Distracted        |       |     3 |     4 |       ||     7
       Sleeping          |       |       |     1 |       ||     1
       Paralysed         |       |       |     5 |       ||     5
  Eat: Chunk             |       |     3 |     3 |       ||     6
       Beef jerky        |       |     1 |     2 |       ||     3
       Pizza             |       |     1 |       |       ||     1
       Bread ration      |       |     1 |       |       ||     1
       Meat ration       |       |       |     2 |       ||     2
